[Event "Silves Open 2025"]
[Site "Fissul"]
[Date "2025.03.04"]
[Round "5.20"]
[White "Silverio, Vitor Luis De Jesus"]
[Black "Almeida, Marta Dias"]
[Result "1/2-1/2"]
[Annotator "NA RC"]
[ECO "A03"]
[WhiteElo "2143"]
[BlackElo "1790"]
[PlyCount "144"]
[EventDate "2025.03.03"]
[EventType "swiss"]
[EventCountry "POR"]
[SourceTitle "playchess.com"]
[Source "ChessBase"]
[SourceQuality "1"]
[TimeControl "5400+30"]

1. f4 d5 2. Nf3 Nf6 3. e3 c6 4. b3 Nbd7 5. Bb2 e6 6. Be2 Bd6 7. O-O Qc7 8. d4 O-O 9. Bd3 c5 10. c3 b6 11. Nbd2 Bb7 12. Ne5 Ne4 13. Bxe4 dxe4 14. Ndc4 Nf6 15. Nxd6 Qxd6 16. c4 Rfd8 17. Qe1 a5 18. a4 Rac8 19. Qg3 Nh5 20. Qh4 Nf6 21. Qg5 h6 22. Qg3 cxd4 23. Bxd4 Ne8 24. Rfd1 Qb4 25. Rab1 Rd6 26. Ng4 Kh7 27. Qe1 Qxe1+ 28. Rxe1 h5 29. Nf2 f6 30. Nd1 Nc7 31. Nc3 Kg6 32. Kf2 Kf5 33. Nb5 Nxb5 34. axb5 e5 35. fxe5 fxe5 36. Bc3 Rd3 37. Rec1 a4 38. bxa4 Rxc4 39. Bb4 Rxc1 40. Rxc1 Rb3 41. Bd6 Bd5 42. Bc7 Rb2+ 43. Kg1 Ra2 44. Bxb6 Rxa4 45. Rb1 Ra3 46. Rb2 Rb3 47. Rxb3 Bxb3 48. Bd8 g5 49. Kf2 Bd5 50. b6 Bb7 51. Ke2 Ba6+ 52. Kd2 g4 53. Ke1 Bb7 54. Kf2 Bc6 55. Kg3 Bb7 56. Kh4 Kg6 57. Bc7 Bc6 58. Bxe5 Bb7 59. Bc7 Bc6 60. Kg3 Kf5 61. Kf2 Bb7 62. Ke2 Ke6 63. Kd2 Kd5 64. Bd8 Kc4 65. Ke2 Kd5 66. Bf6 Ke6 67. Bh4 Bc6 68. Kd2 Kd5 69. Be7 Kc4 70. Kc2 Bb7 71. Bd8 Bc6 72. Kd2 Bb7 1/2-1/2

[Event "Silves Open 2025"]
[Site "Fissul"]
[Date "2025.03.04"]
[Round "5.21"]
[White "Van Ginkel, Henk"]
[Black "Esteves, Goncalo Maria Franco"]
[Result "0-1"]
[Annotator "TA"]
[ECO "A83"]
[WhiteElo "1811"]
[BlackElo "1962"]
[PlyCount "85"]
[EventDate "2025.03.03"]
[EventType "swiss"]
[EventCountry "POR"]
[SourceTitle "playchess.com"]
[Source "ChessBase"]
[SourceQuality "1"]
[TimeControl "5400+30"]

1. d4 f5 2. Nc3 Nf6 3. Bg5 e6 4. e4 fxe4 5. Nxe4 Be7 6. Bxf6 Bxf6 7. Nxf6+ {[%emt 0:10:41] A83: Dutch Defence: Staunton Gambit with 3 Nc3 Nf6 4 Bg5.} (7. Nf3 $14) 7... Qxf6 $11 8. Bd3 O-O {[%emt 0:03:01][%csl Gf8][%cal Rf6f2] [#]} 9. Qf3 $146 {[%emt 0:03:00] The position is equal.} ({Predecessor:} 9. Nf3 Nc6 10. c3 d6 11. O-O e5 12. dxe5 Nxe5 13. Nxe5 Qxe5 14. Re1 Qf4 15. Qc2 Bf5 16. Bxf5 Qxf5 17. Qxf5 Rxf5 {1-0 Truskavetsky,A (2348)-Kazmaier,D (2180) Titled Tuesday intern op 12th Mar Late blitz 2024 (8)}) 9... Qh4 (9... Nc6 {simplifies} 10. Qxf6 Rxf6 11. Nf3 Nb4) 10. Qe3 c5 11. Nf3 cxd4 12. Qxd4 {[%emt 0:07:46] A sharp opening} (12. Nxd4 {is more complex.} Nc6 13. Nxc6 bxc6 14. O-O) 12... Qxd4 13. Nxd4 d5 14. Nb5 {[%emt 0:09:53] [#] Hoping for Nc7.} Nc6 15. O-O a6 16. Nd6 Rd8 17. Nxc8 Raxc8 18. c3 {[%emt 0:03:51] Prevents Nb4} e5 19. Bf5 Rc7 20. Be6+ Kf8 21. Rad1 d4 22. c4 ({White should try} 22. Bf5 $11) 22... g6 $15 23. a3 Re8 (23... Ke7 $17 24. Bd5 Na5) 24. Bd5 $11 Rd7 25. Bxc6 (25. Rfe1 $14) 25... bxc6 $14 {[%emt 0:00:10][%mdl 4096] Endgame KRR-KRR} 26. f3 Ke7 (26... a5 $17 27. Rfe1 c5) 27. Rfe1 $15 Kf6 28. Kf2 (28. b4 $142) 28... g5 ({Better is} 28... a5 $17 29. Re4 Rb8) 29. h3 (29. b4 $15) 29... Rb8 30. Re2 Rdb7 (30... Rb3 $17 31. Rde1 Re7) 31. Rdd2 (31. b4 $15) 31... Rb3 $17 32. g3 Kf5 33. g4+ Kf6 34. Ke1 (34. Kg3 {was necessary.}) 34... Rxf3 $19 35. Rf2 Rbb3 {[%emt 0:00:10] Threatens to win with ...Rf4.} 36. a4 (36. Rxf3+ $142 Rxf3 37. Rh2) 36... Rbe3+ 37. Rde2 Rxf2 38. Kxf2 Rxh3 {[%emt 0:00:32] KR-KR. Black is two pawns up.} 39. b4 Rb3 {[%emt 0:00:13] Black is clearly winning.} 40. b5 axb5 41. cxb5 cxb5 42. axb5 (42. Ra2 $142 b4 43. a5) 42... Rxb5 43. Kf3 {[%emt 0:00:08] Weighted Error Value: White=0.45/Black=0.20 (precise)   Mistake:       	White=8     	Black=4      Inaccurate:     	White=4     	Black=1      OK:         	White=10    	Black=15     Best:        	---       	Black=3} 0-1

[Event "Silves Open 2025"]
[Site "Fissul"]
[Date "2025.03.04"]
[Round "5.23"]
[White "Sanchez Guirado, Francisco"]
[Black "Munno Moyano, Mario"]
[Result "1/2-1/2"]
[Annotator "NA RC"]
[ECO "A39"]
[WhiteElo "2286"]
[BlackElo "1755"]
[PlyCount "61"]
[EventDate "2025.03.03"]
[EventType "swiss"]
[EventCountry "POR"]
[SourceTitle "playchess.com"]
[Source "ChessBase"]
[SourceQuality "1"]
[TimeControl "5400+30"]

1. Nf3 g6 2. c4 Bg7 3. g3 c5 4. Bg2 Nc6 5. O-O Nf6 6. Nc3 O-O 7. d4 cxd4 8. Nxd4 Nxd4 9. Qxd4 a6 10. Qd2 Rb8 11. b3 d6 12. Bb2 Bd7 13. Nd5 Nxd5 14. Bxg7 Kxg7 15. cxd5 Qb6 16. Rfc1 Rbc8 17. Rxc8 Rxc8 18. Rc1 Rxc1+ 19. Qxc1 Qc5 20. Qxc5 dxc5 21. e4 b5 22. Bf1 f5 23. f3 fxe4 24. fxe4 Kf6 25. Kf2 Ke5 26. Ke3 Bc8 27. Bd3 Bg4 28. Bf1 Bd7 29. Bd3 Bg4 30. Bf1 Bd7 31. Bd3 1/2-1/2

[Event "Silves Open 2025"]
[Site "Fissul"]
[Date "2025.03.04"]
[Round "5.24"]
[White "Finkler, Kai Andreas"]
[Black "Crow, Steve"]
[Result "0-1"]
[Annotator "TA"]
[ECO "B01"]
[WhiteElo "1990"]
[BlackElo "1742"]
[PlyCount "151"]
[EventDate "2025.03.03"]
[EventType "swiss"]
[EventCountry "POR"]
[SourceTitle "playchess.com"]
[Source "ChessBase"]
[SourceQuality "1"]
[TimeControl "5400+30"]

1. e4 d5 2. exd5 Qxd5 3. Nc3 Qa5 4. d4 Nf6 5. Nf3 c6 6. Be2 Bf5 7. O-O e6 8. Ne5 Nbd7 9. Nc4 {[%emt 0:02:15] B01: Scandinavian Defence.} Qc7 10. Bg5 b5 11. Ne3 {[%emt 0:00:39] And now Nxf5 would win. A sharp opening. The position is equal.} Bg6 12. Bf3 ({Better is} 12. d5 $1 $14) 12... a6 $146 ({Black should try} 12... Rd8 $11) (12... b4 13. Ne2 Bd6 14. Kh1 Ne4 {½-½ Khamrakulov,I (2451)-Jirovsky,M (2452) Tanta op 4th 2001 (8)}) 13. Re1 (13. d5 $14) 13... Be7 14. d5 Rd8 {[%emt 0:10:36] Threatening ...Ne5.} 15. dxe6 (15. dxc6 Ne5 16. Qe2 Nxc6 17. Bxc6+ Qxc6) 15... Ne5 $132 {[%emt 0:02:20][%mdl 2048] Black is fighting back} (15... fxe6 {simplifies} 16. Qe2 O-O 17. Nf1 e5) 16. exf7+ Nxf7 17. Qe2 (17. Ned5 $11 cxd5 18. Bxf6 gxf6 19. Nxd5 Rxd5 20. Bxd5 (20. Qxd5 O-O $11)) 17... Nxg5 $19 18. Bxc6+ Qxc6 19. Ned5 Nxd5 20. Nxd5 Ne4 21. Nxe7 Kxe7 22. Qg4 (22. f3 $142) 22... Kf7 23. h4 Nf6 24. Qb4 Rhe8 (24... Qxc2 $2 {too greedy.} 25. Qe7+ Kg8 26. Qxd8+ Be8 27. Rxe8+ Kf7 28. Re7+ (28. Rxh8 Qc4 $18) 28... Kg6 29. Qxh8 $18) 25. a4 Qc4 26. Qa5 bxa4 27. Rxe8 Rxe8 28. Rxa4 Qc6 29. Ra3 Nd5 30. h5 Bxc2 31. h6 Qe6 32. hxg7 Qe1+ 33. Qxe1 Rxe1+ 34. Kh2 Nb4 35. Rg3 Bg6 36. Rg4 Nd3 37. Ra4 Re6 38. b4 Kxg7 39. f3 Be8 40. Ra5 Bb5 41. Kg3 Rg6+ 42. Kh3 Nf4+ 43. Kh2 Rxg2+ 44. Kh1 Rg3 45. Ra3 Be2 46. Kh2 Rh3+ 47. Kg1 Rxf3 48. Ra2 Rb3 49. Kf2 Nd3+ 50. Kg2 Nf4+ (50... Rxb4 $142 51. Kg3 Rg4+ 52. Kh2 Nf4 53. Ra3 Bc4 54. Rg3 Rxg3 55. Kxg3 Ne2+ 56. Kf3 a5 57. Ke4 a4 58. Ke5 a3 59. Kd6 a2 60. Kc5 Bd3 (60... a1=B $2 61. Kxc4 Nf4 62. Kb5 $19) 61. Kd5 a1=Q (61... a1=B 62. Ke6 h5 63. Kd7 h4 64. Ke7 h3 65. Ke6 h2 66. Kd7 h1=Q 67. Kd6 Qb7 68. Kc5 Bd4+ 69. Kd6 Qc8 70. Ke7 Bc5#) 62. Kc6 Qa6+ 63. Kc7 Kf7 (63... Qa5+ 64. Kc6 Qa6+ 65. Kd7 Qb6 66. Ke7 Qc7+ 67. Ke8 Bg6#) 64. Kd7 Qb6 65. Kc8 Bf5#) 51. Kf2 $1 Rf3+ 52. Kg1 Rf1+ 53. Kh2 Rb1 (53... h5 $142 54. b5 axb5 (54... Bxb5 $2 55. Kg3 $19) 55. Kg3 Rf3+ 56. Kh2 h4 57. Rxe2 Nxe2 (57... Rh3+ {leads to mate.} 58. Kg1 Nxe2+ 59. Kf2 Nf4 60. Kg1 Rg3+ 61. Kf2 Kg6 62. Ke1 Rg2 63. Kd1 h3 64. Kc1 h2 65. Kd1 h1=Q#) 58. Kg2 Nd4 (58... Rg3+ 59. Kf1 Nf4 60. Kf2 b4 61. Kf1 b3 62. Ke1 Rg2 63. Kd1 b2 64. Ke1 b1=Q#) 59. Kg1 b4 60. Kg2 b3 61. Kh2 b2 (61... Rf2+ 62. Kh3 b2 63. Kxh4 b1=Q 64. Kh3 Qg1 65. Kh4 Rh2#) 62. Kg2 b1=Q (62... b1=B 63. Kg1 Bd3 64. Kg2 Bf1+ 65. Kh2 Ne2 66. Kh1 Rh3#) 63. Kh2 Qg6 64. Kh1 Rh3#) 54. Kg3 Rxb4 55. Rd2 Re4 56. Rd7+ Kg6 57. Rd6+ Re6 58. Rd4 Nh5+ 59. Kh4 Rf6 60. Kh3 Rf5 61. Rd6+ Nf6 62. Rd2 Bf1+ 63. Kh2 a5 64. Ra2 Ne4 65. Ra4 Re5 66. Ra1 Nd2 67. Rd1 Rd5 68. Ra1 Bc4 69. Kg3 Nb3 70. Ra4 Bb5 71. Re4 a4 72. Rb4 Rd3+ 73. Kh2 Rd5 74. Kg3 $1 {[%emt 0:00:13] [#]} a3 $1 75. Rxb3 {[%emt 0:00:02] [#]} (75. Re4 a2) 75... Rd4 76. Rd3 {[%emt 0:25:01] Weighted Error Value: White=0.64/Black=0.16 (very precise)   Loses game:     	White=1     	---        Mistake:       	White=3     	Black=1      Inaccurate:     	White=3     	---        OK:         	White=4     	Black=4      Best:        	White=1     	Black=1} 0-1

[Event "Silves Open 2025"]
[Site "Fissul"]
[Date "2025.03.04"]
[Round "5.25"]
[White "Goncalves, Samuel Jesus P"]
[Black "Peixoto, Helio Ricardo Soutin"]
[Result "0-1"]
[Annotator "NA"]
[ECO "E90"]
[WhiteElo "2280"]
[BlackElo "1918"]
[PlyCount "78"]
[EventDate "2025.03.03"]
[EventType "swiss"]
[EventCountry "POR"]
[SourceTitle "playchess.com"]
[Source "ChessBase"]
[SourceQuality "1"]
[TimeControl "5400+30"]

1. Nf3 Nf6 2. c4 g6 3. Nc3 Bg7 4. e4 d6 5. d4 O-O 6. h3 Nbd7 7. Be3 c5 8. d5 b5 9. Qc2 Qa5 10. Bd2 b4 11. Nd1 Qb6 12. Bd3 a5 13. b3 Nxe4 14. Rb1 Nxd2 15. Qxd2 Ne5 16. Nxe5 Bxe5 17. O-O a4 18. Ne3 Bd7 19. Kh1 f5 20. f4 Bf6 21. g4 fxg4 22. hxg4 axb3 23. axb3 Qa6 24. g5 Bd4 25. Rf3 Qa2 26. Bc2 Bxe3 27. Rxe3 Rxf4 28. Rxe7 Rh4+ 29. Kg1 Bf5 30. Rc1 Qb2 31. Qe3 Rg4+ 32. Kh1 Rf8 33. Re8 Rh4+ 34. Kg1 Rh3 35. Rxf8+ Kxf8 36. Qf4 Qe5 37. Rf1 Rg3+ 38. Kh2 Qxf4 39. Rxf4 Rxg5 0-1

[Event "Silves Open 2025"]
[Site "Fissul"]
[Date "2025.03.04"]
[Round "5.26"]
[White "Paiva, Manuel Maria Fonseca"]
[Black "Ribeiro, Margarida"]
[Result "1-0"]
[Annotator "TA"]
[ECO "C56"]
[WhiteElo "1904"]
[BlackElo "1519"]
[PlyCount "27"]
[EventDate "2025.03.03"]
[EventType "swiss"]
[EventCountry "POR"]
[SourceTitle "playchess.com"]
[Source "ChessBase"]
[SourceQuality "1"]
[TimeControl "5400+30"]

1. e4 e5 2. Nf3 Nc6 3. d4 exd4 4. Bc4 Nf6 5. e5 Ng4 6. Bxf7+ Kxf7 7. Ng5+ {[%emt 0:00:35] C56: Two Knights: 4 d4 exd4 5 0-0 Nxe4.} Ke8 (7... Kg8 $17 8. Qf3 (8. Qxg4 $2 h6 $17) 8... Bb4+ (8... Ncxe5 9. Qd5+) 9. c3 Qe7 (9... Ngxe5 10. Qd5+ Kf8 11. O-O $19) 10. Qd5+ Kf8) 8. Qxg4 $15 Be7 (8... d6 $1 $15 {keeps the upper hand.} 9. Qf3 (9. e6 Qf6 $17) 9... Qe7 (9... dxe5 10. Qf7#) (9... Nxe5 10. Qd5 $17)) 9. Nxh7 {[%emt 0:07:01] White is better. White is more active.} Nxe5 (9... Kf7 $1 $14 10. Ng5+ Kg8) 10. Qxg7 $18 Nf7 $146 (10... Rxh7 11. Qxh7 d6 12. Qg8+ Kd7 13. Qxd8+ Bxd8 14. f4 Nc4 15. b3 Nb6 16. O-O c5 {1-0 Granda Rodriguez,J (1897)-Lemus Lazo,D (1649) San Cristobal de La Laguna rapid op 2024 (5)}) 11. O-O {[%emt 0:01:03][%cal Of1e1] [#] White wants to mate with Re1!.} c6 $2 (11... d5 12. Re1 Qd6) 12. Re1 {[%emt 0:01:33][%csl Gg7][%cal Rh7f6] White is clearly winning.} Qa5 13. Bd2 Qc5 14. Bg5 {[%emt 0:01:14] Black got outplayed after the opening.   Weighted Error Value: White=0.03 (flawless) /Black=1.34  Loses game:     	---       	Black=1      Mistake:       	---       	Black=3      OK:         	White=2     	---        Best:        	White=2     	Black=1} 1-0

[Event "Silves Open 2025"]
[Site "Fissul"]
[Date "2025.03.04"]
[Round "5.27"]
[White "De Kruif, Kees"]
[Black "Bravo Galvez, Ricardo"]
[Result "*"]
[Annotator "NA RC"]
[ECO "A86"]
[WhiteElo "1857"]
[BlackElo "2098"]
[PlyCount "84"]
[EventDate "2025.03.03"]
[EventType "swiss"]
[EventCountry "POR"]
[SourceTitle "playchess.com"]
[Source "ChessBase"]
[SourceQuality "1"]
[TimeControl "5400+30"]

1. d4 f5 2. g3 Nf6 3. Bg2 g6 4. c4 Bg7 5. Nc3 O-O 6. e3 d6 7. Nge2 c6 8. O-O Qc7 9. b4 Be6 10. Qd3 Bf7 11. Rb1 Nbd7 12. c5 e5 13. dxe5 dxe5 14. e4 Rad8 15. Qc2 Rfe8 16. Be3 Ng4 17. Bg5 Bf6 18. Bc1 Bg7 19. exf5 gxf5 20. Qxf5 Nxh2 21. Kxh2 Bg6 22. Qg4 Nf6 23. Qh4 Bxb1 24. Bg5 Bg6 25. Bxf6 Bxf6 26. Qxf6 Rf8 27. Qg5 Rf5 28. Qe3 Rd3 29. Qc1 Qd7 30. Ne4 Qf7 31. Nd6 Rh5+ 32. Kg1 Qxa2 33. Nc3 Qe6 34. Nce4 Rd4 35. f4 Kg7 36. Ng5 Qb3 37. f5 Qxg3 38. f6+ Kg8 39. f7+ Bxf7 40. Ngxf7 Qh2+ 41. Kf2 Rf4+ 42. Ke1 Qg3+ *

[Event "Silves Open 2025"]
[Site "Fissul"]
[Date "2025.03.04"]
[Round "5.27"]
[White "De Kruif, Kees"]
[Black "Bravo Galvez, Ricardo"]
[Result "1/2-1/2"]
[Annotator "NA RC"]
[ECO "A00"]
[WhiteElo "1857"]
[BlackElo "2098"]
[PlyCount "40"]
[EventDate "2025.03.03"]
[EventType "swiss"]
[EventCountry "POR"]
[SourceTitle "playchess.com"]
[Source "ChessBase"]
[SourceQuality "1"]
[TimeControl "5400+30"]

1. b4 d5 2. Bb2 Qd6 3. a3 e5 4. e3 Be6 5. Nf3 f6 6. Be2 Nh6 7. d3 Be7 8. Nbd2 O-O 9. c4 b6 10. O-O c5 11. bxc5 Qxc5 12. d4 exd4 13. Nxd4 Bf7 14. N2b3 Qc8 15. cxd5 Bxd5 16. Rc1 Qb7 17. Bf3 Bxf3 18. Qxf3 Qxf3 19. Nxf3 Na6 20. Nbd4 Nc5 1/2-1/2

[Event "Silves Open 2025"]
[Site "Fissul"]
[Date "2025.03.04"]
[Round "5.28"]
[White "Leal, Jose Alberto"]
[Black "Mostafa, Hazem Farouk Mahmoud"]
[Result "0-1"]
[Annotator "NA RC COMBH"]
[ECO "B09"]
[WhiteElo "1688"]
[BlackElo "1769"]
[PlyCount "112"]
[EventDate "2025.03.03"]
[EventType "swiss"]
[EventCountry "POR"]
[SourceTitle "playchess.com"]
[Source "ChessBase"]
[SourceQuality "1"]
[TimeControl "5400+30"]

1. d4 d6 2. Nc3 Nf6 3. e4 g6 4. Be2 Bg7 5. f4 c6 6. Nf3 b5 7. a3 Bb7 8. O-O O-O 9. h3 Qc7 10. Be3 Nbd7 11. Bd3 a6 12. Qe1 c5 13. d5 c4 14. Be2 Nc5 15. e5 Nxd5 16. Nxd5 Bxd5 17. Rd1 Be4 18. exd6 exd6 19. Bd4 Bxc2 20. Bxg7 Bxd1 21. Bxf8 Bxe2 22. Bxd6 Qxd6 23. Qxe2 Qxf4 24. Qe7 Nd3 25. Ng5 Qd4+ 26. Kh1 Nf2+ 27. Kh2 Ra7 28. Qe8+ Kg7 29. Nf3 Qd6+ 30. Kg1 Re7 31. Qa8 Nd3 32. Qc8 Nxb2 33. Qg4 h5 34. Qg5 Qxa3 35. Qd5 Qe3+ 36. Kh1 Nd3 37. Ng5 Nf2+ 38. Kh2 Qe5+ 39. Qxe5+ Rxe5 40. Rxf2 Rxg5 41. Ra2 c3 42. Rxa6 c2 43. Rc6 b4 44. Rxc2 b3 45. Rb2 Rb5 46. Kg3 g5 47. Kf3 f5 48. Ke3 Kf6 49. Kd3 f4 50. Kc4 Rb8 51. Rxb3 Rxb3 52. Kxb3 Kf5 53. Kc3 g4 54. hxg4+ Kxg4 55. Kd3 Kg3 56. Ke4 h4 0-1

[Event "Silves Open 2025"]
[Site "Fissul"]
[Date "2025.03.04"]
[Round "5.29"]
[White "Dumont, Andre"]
[Black "Almeida, Luis Eduardo dos Rei"]
[Result "1/2-1/2"]
[Annotator "NA COMBH"]
[ECO "A05"]
[WhiteElo "1891"]
[BlackElo "1841"]
[PlyCount "63"]
[EventDate "2025.03.03"]
[EventType "swiss"]
[EventCountry "POR"]
[SourceTitle "playchess.com"]
[Source "ChessBase"]
[SourceQuality "1"]
[TimeControl "5400+30"]

1. Nf3 Nf6 2. b3 g6 3. Bb2 Bg7 4. g4 d5 5. g5 Nh5 6. Bxg7 Nxg7 7. e3 Nc6 8. d4 Bg4 9. Be2 a6 10. h4 O-O 11. Ne5 Bxe2 12. Qxe2 Nxe5 13. dxe5 Qd7 14. Nd2 b5 15. O-O-O c5 16. h5 Nxh5 17. Rxh5 gxh5 18. Qxh5 Qf5 19. Rh1 c4 20. Nf3 Qg6 21. Qg4 cxb3 22. axb3 Rac8 23. Nd4 Qe4 24. Qh3 e6 25. f3 Qg6 26. f4 Rc7 27. Rh2 Rfc8 28. f5 exf5 29. Nxf5 a5 30. Ne7+ Rxe7 31. Qxc8+ Kg7 32. Rg2 1/2-1/2

[Event "Silves Open 2025"]
[Site "Fissul"]
[Date "2025.03.04"]
[Round "5.30"]
[White "Pena, Helio Adelino Silva"]
[Black "Goncalves, Beatriz M A C Nunes"]
[Result "1-0"]
[Annotator "NA COMBH"]
[ECO "C54"]
[WhiteElo "1842"]
[BlackElo "1458"]
[PlyCount "123"]
[EventDate "2025.03.03"]
[EventType "swiss"]
[EventCountry "POR"]
[SourceTitle "playchess.com"]
[Source "ChessBase"]
[SourceQuality "1"]
[TimeControl "5400+30"]

1. e4 e5 2. Nf3 Nc6 3. Bc4 Bc5 4. O-O Nf6 5. d3 h6 6. c3 Na5 7. Bxf7+ Kxf7 8. b4 Bxb4 9. cxb4 Nc6 10. b5 Ne7 11. Nxe5+ Ke8 12. Ng4 Ng6 13. Bb2 d6 14. Nxf6+ gxf6 15. Qh5 Rg8 16. f4 Kf8 17. Qxh6+ Kf7 18. f5 Ne5 19. Qh5+ Kf8 20. Bc1 Nf7 21. Nc3 c6 22. Be3 Rh8 23. Qe2 Ke7 24. Rf3 Bd7 25. Rg3 Rg8 26. Rg6 Ne5 27. Rh6 Rh8 28. d4 Rxh6 29. Bxh6 Nf7 30. Bf4 Qh8 31. Re1 Re8 32. e5 dxe5 33. dxe5 fxe5 34. Bxe5 Nxe5 35. Qxe5+ Qxe5 36. Rxe5+ Kf6 37. Rxe8 Bxe8 38. g4 cxb5 39. Kf2 Kg5 40. Kg3 b4 41. h4+ Kh6 42. g5+ Kg7 43. Nd5 a5 44. f6+ Kf8 45. Nf4 Bf7 46. g6 Bxa2 47. h5 b3 48. Ne6+ Ke8 49. f7+ Kd7 50. f8=Q b2 51. Qg7+ Kxe6 52. Qxb2 Bd5 53. Qb6+ Ke5 54. Qxa5 Kd6 55. Qxd5+ Kxd5 56. g7 b5 57. g8=Q+ Kc5 58. h6 b4 59. h7 Kb5 60. h8=Q Ka4 61. Qc4 Ka3 62. Qa1# 1-0

[Event "Silves Open 2025"]
[Site "Fissul"]
[Date "2025.03.04"]
[Round "5.35"]
[White "Breitkopf, Ilian"]
[Black "Li, Leon"]
[Result "1/2-1/2"]
[Annotator "NA RC COMBH"]
[ECO "C56"]
[WhiteElo "1671"]
[BlackElo "1627"]
[PlyCount "119"]
[EventDate "2025.03.03"]
[EventType "swiss"]
[EventCountry "POR"]
[SourceTitle "playchess.com"]
[Source "ChessBase"]
[SourceQuality "1"]
[TimeControl "5400+30"]

1. e4 e5 2. Nf3 Nc6 3. d4 exd4 4. Bc4 Nf6 5. Ng5 Ne5 6. Qxd4 Nxc4 7. Qxc4 d5 8. exd5 Nxd5 9. O-O Be7 10. Nc3 c6 11. Re1 O-O 12. Nf3 Nxc3 13. Qxc3 Bf6 14. Qb3 Qb6 15. Qxb6 axb6 16. c3 Bg4 17. Bg5 Bxf3 18. Bxf6 gxf6 19. gxf3 Rfe8 20. a3 Kf8 21. Kf1 Rad8 22. Rxe8+ Kxe8 23. Ke2 Ke7 24. Ke3 f5 25. Re1 Kf6 26. Rg1 Re8+ 27. Kd3 Rd8+ 28. Ke3 Rd6 29. Ke2 Rd8 30. Rg3 Re8+ 31. Kd2 h6 32. Rh3 Kg6 33. f4 Re4 34. Rh4 Kh7 35. f3 Re8 36. Rh3 Rg8 37. Rg3 Rxg3 38. hxg3 h5 39. Kd3 Kg6 40. b4 h4 41. gxh4 Kh5 42. c4 c5 43. b5 Kxh4 44. Kd2 Kh3 45. Ke1 Kg3 46. Ke2 Kxf4 47. Kf2 Ke5 48. Ke3 f4+ 49. Kd3 f6 50. Kc3 f5 51. Kd3 Kf6 52. Ke2 Ke6 53. Kd2 Ke5 54. Kd3 Ke6 55. Kd2 Kf6 56. Ke2 Kg5 57. Kf2 Kf6 58. Ke2 Ke7 59. Kd3 Ke6 60. Kd2 1/2-1/2

[Event "Silves Open 2025"]
[Site "Fissul"]
[Date "2025.03.04"]
[Round "5.38"]
[White "Nguyen, Tri Khoi"]
[Black "Machado, Manuel Antonio Ribei"]
[Result "1/2-1/2"]
[Annotator "NA COMBH"]
[ECO "D60"]
[WhiteElo "1630"]
[BlackElo "1796"]
[PlyCount "105"]
[EventDate "2025.03.03"]
[EventType "swiss"]
[EventCountry "POR"]
[SourceTitle "playchess.com"]
[Source "ChessBase"]
[SourceQuality "1"]
[TimeControl "5400+30"]

1. d4 d5 2. c4 e6 3. Nf3 Nf6 4. Nc3 c6 5. Bg5 Be7 6. e3 h6 7. Bh4 Nbd7 8. Bd3 dxc4 9. Bxc4 O-O 10. O-O b5 11. Bb3 Bb7 12. Rc1 Rc8 13. Qe2 a6 14. Rfd1 Nd5 15. Bxe7 Qxe7 16. Nxd5 exd5 17. Ne1 Rfe8 18. Nd3 c5 19. dxc5 Nxc5 20. Nxc5 Rxc5 21. Rxc5 Qxc5 22. Qd2 Rd8 23. Qd4 Rc8 24. Qxc5 Rxc5 25. Kf1 g6 26. f3 Kg7 27. Ke2 a5 28. a3 Bc6 29. Kd2 a4 30. Ba2 f5 31. Rc1 Rxc1 32. Kxc1 Kf6 33. f4 g5 34. g3 g4 35. Kd2 Ke7 36. Kc3 Ke6 37. Kd4 Kd6 38. Bb1 Bd7 39. Ba2 Bc6 40. b3 axb3 41. Bxb3 h5 42. Ba2 Bb7 43. Bb1 Bc8 44. Bd3 Bd7 45. Be2 Bc6 46. Bd1 Bd7 47. Bc2 Be6 48. a4 bxa4 49. Bxa4 Bf7 50. Bb5 Bg6 51. Ba6 Bh7 52. Bb7 Bg8 53. Bc8 1/2-1/2

[Event "Silves Open 2025"]
[Site "Fissul"]
[Date "2025.03.04"]
[Round "5.39"]
[White "Opatskyy, Danylo"]
[Black "Botelho, Adelino"]
[Result "0-1"]
[Annotator "NA COMBH"]
[ECO "B13"]
[WhiteElo "1490"]
[BlackElo "1550"]
[PlyCount "80"]
[EventDate "2025.03.03"]
[EventType "swiss"]
[EventCountry "POR"]
[SourceTitle "playchess.com"]
[Source "ChessBase"]
[SourceQuality "1"]
[TimeControl "5400+30"]

1. e4 c6 2. d4 d5 3. exd5 cxd5 4. Nf3 Bg4 5. Nbd2 Nf6 6. c4 e6 7. Qb3 Qc7 8. cxd5 exd5 9. Bd3 Bd6 10. O-O O-O 11. h3 Bh5 12. Bc2 Nbd7 13. Qd3 Bg6 14. Qc3 Qxc3 15. bxc3 Bxc2 16. c4 dxc4 17. Nxc4 Bc7 18. Ba3 Rfe8 19. Rfc1 Be4 20. Nfd2 Bf4 21. Nd6 Bxd2 22. Nxe8 Rxe8 23. Rc7 Bf4 24. Rc4 Nb6 25. Rc5 Bd6 26. Rc3 Bxa3 27. Rxa3 a6 28. Re1 Bd5 29. Rc1 Nc4 30. Rg3 g6 31. Rd1 Re2 32. Rc1 Rxa2 33. Rg5 b5 34. Kh2 a5 35. Kg3 Ne4+ 36. Kf4 Nxg5 37. Kxg5 Kg7 38. f4 Rxg2+ 39. Kh4 Ne3 40. Rg1 Nf5# 0-1